 Dungeon Crawl Stone Soup version 0.30-a0-377-g5cb311bc9f (webtiles) character file.

Game seed: 8659012234027092357

16520 qeuew the Fighter (level 12, -16/102 HPs)
             Began as a Demonspawn Chaos Knight on Nov 29, 2022.
             Was a Plaything of Xom.
             Killed from afar by an efreet (21 damage)
             ... with a bolt of fire
             ... on level 11 of the Dungeon.
             The game lasted 00:19:31 (10933 turns).

qeuew the Fighter (Demonspawn Chaos Knight)        Turns: 10933, Time: 00:19:32

Health: -16/102    AC:  9    Str: 16    XL:     12   Next: 10%
Magic:  12/12      EV: 20    Int: 21    God:    Xom [.*....]
Gold:   1225       SH:  5    Dex: 17    Spells: 11/11 levels left

rFire   . . .      SeeInvis .    D - +7 great mace "Undeadhunter" {disrupt, rN+}
rCold   . . .      Faith    .    (shield currently unavailable)
rNeg    + . .      Spirit   .    j - +1 robe of Hedge Wizardry {Dex+4}
rPois   +          Reflect  +    (no helmet)
rElec   .          Harm     .    (no cloak)
rCorr   .          Rampage  .    (no gloves)
Will    .....      Clarity  +    o - +2 pair of boots {Fly}
Stlth   ++........               B - amulet of reflection
HPRegen 0.37/turn                m - ring of poison resistance
MPRegen 0.13/turn                i - +4 ring of evasion

@: flying, hasted and slowed, unable to read
A: demonic guardian 1, sharp scales 2, demonic magic 1, demonic touch 1,
clarity, clever 2, mutation resistance 1, sense surroundings 1, strong 1, wild
magic 1, inability to read after injury 1, MP-powered wands
a: Renounce Religion


You were on level 11 of the Dungeon.
You worshipped Xom.
You were a plaything of Xom.
You visited 2 branches of the dungeon, and saw 12 of its levels.
You also visited: Ossuary.

You collected 1962 gold pieces.
You spent 737 gold pieces at shops.

Inventory:

Hand Weapons
 k - the +12 flail of Trial by Ordeal {drain, rElec Str+7 Int-5}
   (You found it on level 2 of the Dungeon)

   A truly terrible weapon, it drains the life of any living foe it strikes.
   Str:       It affects your strength (+7).
   Int:       It affects your intelligence (-5).
   rElec:     It insulates you from electricity.
 D - the +7 great mace "Undeadhunter" (weapon) {disrupt, rN+}
   (You bought it in a shop on level 8 of the Dungeon)

   It inflicts significantly more damage against the undead.
   rN:        It protects you from negative energy.
Missiles
 y - 3 throwing nets
Armour
 j - the +1 robe of Hedge Wizardry (worn) {Dex+4}
   (You found it on level 5 of the Dungeon)

   Dex:       It affects your dexterity (+4).
 o - a +2 pair of boots of flying (worn)
Jewellery
 i - a +4 ring of evasion (right hand)
 m - a ring of poison resistance (left hand)
 z - a ring of protection from fire
 B - an amulet of reflection (around neck)
Wands
 f - a wand of flame (23)
 l - a wand of iceblast (28)
 n - a wand of digging (7)
 E - a wand of paralysis (14)
Scrolls
 a - 5 scrolls of fog
 b - 7 scrolls of teleportation
 g - a scroll of brand weapon
 h - a scroll of silence
 q - 6 scrolls of enchant weapon
 s - 2 scrolls of poison
 u - 2 scrolls of magic mapping
 v - 2 scrolls of identify
 C - a scroll of amnesia
 F - 2 scrolls of enchant armour
Potions
 d - 5 potions of brilliance
 e - 2 potions of magic
 p - 2 potions of heal wounds
 r - a potion of berserk rage
 t - 11 potions of curing
 w - 5 potions of might
 x - a potion of cancellation
Miscellaneous
 c - a piece from Xom's chessboard (15/15) (quivered)


   Skills:
 * Level 12.1 Fighting
 - Level 3.0(5.5) Axes
 + Level 7.2(7.5) Maces & Flails
 + Level 7.6 Armour
 + Level 7.5 Dodging
 + Level 8.2 Evocations


You had 11 spell levels left.
You didn't know any spells.
Your spell library contained the following spells:

 Spells                   Type           Power      Damage    Failure   Level
 Apportation              Tloc           0%         N/A       26%         1
 Static Discharge         Conj/Air       0%         2-2/arc   34%         2
 Gell's Gravitas          Tloc           0%         N/A       56%         3
 Lesser Beckoning         Tloc           0%         N/A       56%         3
 Portal Projectile        Hex/Tloc       0%         N/A       56%         3
 Teleport Other           Tloc           0%         N/A       56%         3
 Tukima's Dance           Hex            0%         N/A       56%         3
 Vhi's Electric Charge    Tloc/Air       0%         N/A       56%         3
 Alistair's Intoxication  Tmut/Pois      0%         N/A       99%         5
 Arcjolt                  Conj/Air       0%         1d10      99%         5
 Blade Hands              Tmut           0%         N/A       99%         5
 Lightning Bolt           Conj/Air       0%         1d11      99%         5


Dungeon Overview and Level Annotations

Branches:
Dungeon (11/15)            Temple (1/1) D:6            Lair (0/5) D:11
    Orc (0/2) D:9         Ossuary (visited)

Altars:
Ashenzari
Cheibriados
Dithmenos
Fedhas
Gozag
Hepliaklqana
Kikubaaqudgha
Makhleb
Nemelex Xobeh
Okawaru
Qazlal
Ru
Sif Muna
Trog
Uskayaw
Vehumet
Wu Jian
Xom
Yredelemnul

Shops:
D:8 (*(

Annotations:
D:9 2 transporters, DrKenneth's ghost, novice MiFi


Innate Abilities, Weirdness & Mutations

A weak demonic guardian rushes to your aid.
You are mostly covered in razor-sharp scales. (AC +2, Slay +2)
Spells you cast may paralyse adjacent enemies.
Your touch may inflict minor irresistible damage on your foes.
You possess an exceptional clarity of mind.
Your mind is very acute. (Int +8, Str/Dex -2)
You are somewhat resistant to further mutation.
You passively map a small area around you.
Your muscles are strong. (Str +4, Int/Dex -1)
Your spells are a little harder to cast, but a little more powerful.
You occasionally lose the ability to read scrolls when taking damage.
You expend magic power (3 MP) to strengthen your wands.


Message History

Your quasit claws the orc wizard but does no damage.
The orc wizard closely misses your quasit.
You hear Xom's avuncular chuckle.
Your quasit evaporates and reforms as a lemure!
You are now a plaything of Xom.
The orc wizard points at your lemure and mumbles some strange words.
Your lemure appears confused.
The efreet gestures at you. The bolt of fire hits you!!
You feel threatened and lose the ability to read scrolls!
A demonic guardian appears!
The orc wizard hits your lemure with a +0 dagger.
You cannot read scrolls in your current state!
Okay, then.
You feel yourself speed up.
Your lemure hits the orc wizard but does no damage.
The six-headed hydra completely misses you.
The six-headed hydra bites you but does no damage.
The six-headed hydra barely misses you. The six-headed hydra bites you!
* * * LOW HITPOINT WARNING * * *
The six-headed hydra completely misses you.
The six-headed hydra bites you!
* * * LOW HITPOINT WARNING * * *
The orc wizard mumbles some strange words.
The orc wizard flickers and vanishes!
Deactivating autopickup; reactivate with Ctrl-A.
Your lemure hits something!
Reactivating autopickup.
You feel a bit more experienced.
The six-headed hydra bites you but does no damage.
The six-headed hydra closely misses you. x2
The six-headed hydra bites you but does no damage.
The six-headed hydra bites you!
* * * LOW HITPOINT WARNING * * *
The six-headed hydra closely misses you.
Your orange demon stings the six-headed hydra from afar.
The efreet gestures at you. The bolt of fire hits you!!
You die...
Xom cackles wildly!

#..##^#)#^##.........###.
#..#.^#.#^.#.........###.
#..####'####.5...........
#.......[....)...°.......
###....(..).....°...°......
#.........(...○............
#......)....R°.............
##..>......4.D..............
#..........@<...............
#..........####.)...........
#..........# .........#.....
###......###*.........#.....
#.....## #........#......
###...# ###......#...>..
#...# ####...#...... #####
#######... #....


You could see a six-headed hydra (ally target), an efreet, a friendly orange
demon (summoned) and a friendly lemure (summoned, confused).

Vanquished Creatures
  Erica (D:9)
  3 two-headed ogres
  Pikel (D:4)
  2 cyclopes
  Maggie (D:10)
  An unseen horror (D:10)
  A komodo dragon (D:11)
  A freezing wraith (D:11)
  3 trolls
  Grinder (D:4)
  2 shadows (D:11)
  A vampire (D:10)
  2 wraiths
  Sigmund (D:3)
  22 yaks
  The ghost of VibeKiller the Covert, an amateur SpEn (D:4)
  A steam dragon (D:10)
  2 water moccasins
  An acid dragon (D:11)
  Duvessa (D:6)
  2 black bears
  4 ice beasts
  2 sky beasts
  5 orc warriors
  4 centaurs (D:11)
  3 ogres
  A wolf (D:11)
  A lemure (D:4)
  A phantom (D:6)
  4 bullfrogs
  2 kobold brigands
  A necrophage (D:4)
  A scorpion (D:5)
  A gnoll sergeant (D:8)
  8 wights
  Dowan (D:6)
  A howler monkey (D:7)
  An electric eel (D:11)
  10 hounds
  5 jellies
  4 orc priests
  A gnoll bouda (D:4)
  Crazy Yiuf (D:7)
  5 iguanas
  10 orc wizards
  Ijyb (D:3)
  4 mummies (Ossuary)
  Robin (D:4)
  10 gnolls
  5 adders
  2 hound simulacra (D:4)
  5 white imps
  A howler monkey simulacrum (D:4)
  A worm (D:2)
  2 dart slugs
  An adder simulacrum (D:4)
  22 orcs
  9 ball pythons
  7 endoplasms
  A giant cockroach (D:3)
  12 goblins
  7 hobgoblins
  6 jackals
  5 quokkas
  6 bats
  6 frilled lizards
  3 gnoll zombies (Ossuary)
  9 kobolds
  8 rats
262 creatures vanquished.

Vanquished Creatures (collateral kills)
  Snorg (D:10)
  A two-headed ogre (D:11)
  A cyclops (D:11)
  A yak (D:11)
  A wolf (D:11)
  An electric eel (D:11)
  An orc wizard (D:11)
  4 mummies (Ossuary)
  2 orcs (D:7)
  A kobold zombie (Ossuary)
14 creatures vanquished.

Vanquished Creatures (others)
  4 kobold zombies (Ossuary)
  21 plants (D:1)
25 creatures vanquished.

Grand Total: 301 creatures vanquished

Notes
Turn   | Place    | Note
-------+----------+-------------------------------------------
     0 | D:1      | qeuew the Demonspawn Chaos Knight began the quest for the
                  | Orb.
     0 | D:1      | Reached XP level 1. HP: 18/18 MP: 1/1
   107 | D:1      | Reached skill level 1 in Dodging
   177 | D:1      | Found a faded altar of an unknown god.
   188 | D:1      | Gained mutation: You are partially covered in razor-sharp
                  | scales. (AC +1, Slay +1) [demonic ancestry]
   188 | D:1      | Reached XP level 2. HP: 24/24 MP: 2/2
   371 | D:1      | XOM: cloud trail
   819 | D:2      | Reached skill level 1 in Evocations
   819 | D:2      | Reached XP level 3. HP: 23/29 MP: 3/3
   824 | D:2      | XOM: 5-stop teleportation journey
   938 | D:2      | XOM: butterfly on damage
   939 | D:2      | XOM: divination: magic mapping
   968 | D:2      | Identified the +12 flail of Trial by Ordeal {drain, rElec
                  | Str+7 Int-5}
  1174 | D:2      | XOM: scenery: summon butterflies
  1438 | D:3      | Gained mutation: You are mostly covered in razor-sharp
                  | scales. (AC +2, Slay +2) [demonic ancestry]
  1438 | D:3      | Reached XP level 4. HP: 36/37 MP: 4/4
  1522 | D:3      | Noticed Ijyb
  1529 | D:3      | Killed Ijyb
  1553 | D:3      | XOM: 2-stop teleportation journey
  1585 | D:3      | Reached skill level 4 in Fighting
  1597 | D:3      | XOM: scenery: 1 doors open
  1717 | D:3      | XOM: cloud trail
  1802 | D:3      | Noticed Sigmund
  1812 | D:3      | Reached XP level 5. HP: 8/42 MP: 5/5
  1814 | D:3      | XOM: butterfly on damage
  1837 | D:3      | Killed Sigmund
  1838 | D:3      | Reached skill level 1 in Maces & Flails
  1838 | D:3      | Gained mutation: A weak demonic guardian rushes to your
                  | aid. [demonic ancestry]
  1838 | D:3      | Reached XP level 6. HP: 7/49 MP: 6/6
  2022 | D:3      | XOM: scenery: 1 doors open
  2150 | D:3      | XOM: 1-stop teleportation journey
  2156 | D:3      | XOM: 8-stop teleportation journey
  2232 | D:3      | XOM: god gift: wand of digging (7)
  2238 | D:3      | XOM: scenery: summon butterflies
  2274 | D:3      | XOM: cloud trail
  2308 | D:3      | Found a broken altar of Ashenzari.
  2320 | D:3      | Found a blossoming altar of Fedhas.
  2390 | D:3      | XOM: god gift: +2 pair of boots of flying
  2422 | D:3      | Found a faded altar of an unknown god.
  2532 | D:3      | Gained mutation: Your spells are a little harder to cast,
                  | but a little more powerful. [potion of mutation]
  2532 | D:3      | Gained mutation: You expend magic power (3 MP) to
                  | strengthen your wands. [potion of mutation]
  2532 | D:3      | Gained mutation: You passively map a small area around you.
                  | [potion of mutation]
  2567 | D:4      | Noticed Pikel
  2580 | D:4      | Killed Pikel
  2581 | D:4      | Reached skill level 5 in Fighting
  2581 | D:4      | Reached XP level 7. HP: 53/57 MP: 7/7
  2584 | D:4      | Found a sand-covered staircase.
  2600 | Ossuary  | Entered an ossuary
  2607 | Ossuary  | XOM: destruction
  2612 | Ossuary  | XOM: summons 5 friendly demons
  2804 | D:4      | Reached skill level 6 in Fighting
  2893 | D:3      | XOM: scenery: create altars
  3019 | D:4      | XOM: give mutations
  3019 | D:4      | Gained mutation: You possess an exceptional clarity of
                  | mind. [Xom's grace]
  3019 | D:4      | Gained mutation: You are somewhat resistant to further
                  | mutation. [Xom's grace]
  3019 | D:4      | Gained mutation: Your mind is acute. (Int +4, Str/Dex -1)
                  | [Xom's grace]
  3088 | D:4      | Reached XP level 8. HP: 64/64 MP: 8/8
  3187 | D:3      | Found an opulent altar of Gozag.
  3211 | D:4      | Found a runed translucent gate.
  3211 | D:4      | Found a runed translucent gate.
  3211 | D:4      | Found a runed translucent gate.
  3219 | D:4      | Noticed Robin
  3238 | D:4      | Killed Robin
  3403 | D:4      | Noticed Grinder
  3405 | D:4      | Paralysed by Grinder for 4 turns
  3417 | D:4      | Killed Grinder
  3499 | D:4      | XOM: god gift: 668 gold pieces
  3676 | D:4      | XOM: scenery: create altars
  3696 | D:4      | Noticed VibeKiller's ghost (amateur SpEn)
  3820 | D:4      | Killed VibeKiller's ghost
  3821 | D:4      | Reached skill level 7 in Fighting
  3889 | D:5      | Entered Level 5 of the Dungeon
  3962 | D:5      | XOM: god gift: 495 gold pieces
  3984 | D:5      | Identified the +1 robe of Hedge Wizardry {Dex+4}
  4124 | D:5      | Gained mutation: Spells you cast may paralyse adjacent
                  | enemies. [demonic ancestry]
  4124 | D:5      | Reached XP level 9. HP: 72/72 MP: 9/9
  4450 | D:5      | XOM: summons 5 hostile demons
  4690 | D:6      | Noticed Duvessa
  4691 | D:6      | Noticed Dowan
  4697 | D:6      | Killed Dowan
  4697 | D:6      | XOM: divination: detect items
  4701 | D:6      | Killed Duvessa
  4921 | D:6      | XOM: cloud trail
  5019 | D:6      | Reached skill level 5 in Evocations
  5097 | D:6      | XOM: cloud trail
  5153 | D:6      | Noticed a two-headed ogre
  5153 | D:6      | XOM: divination: detect creatures
  5156 | D:6      | XOM: divination: detect items
  5160 | D:6      | Killed a two-headed ogre
  5161 | D:6      | Reached skill level 8 in Fighting
  5161 | D:6      | Reached skill level 5 in Armour
  5325 | D:6      | Reached skill level 5 in Dodging
  5340 | D:6      | Found a staircase to the Ecumenical Temple.
  5340 | D:6      | XOM: 2-stop teleportation journey
  5345 | Temple   | Entered the Ecumenical Temple
  5546 | D:6      | XOM: 1-stop teleportation journey
  5567 | D:6      | XOM: divination: detect creatures
  5614 | D:6      | XOM: god gift: falchion {god gift}
  5746 | D:6      | XOM: fake destruction
  5830 | D:7      | Found a burning altar of Makhleb.
  5839 | D:7      | Reached skill level 9 in Fighting
  5843 | D:7      | Gained mutation: Your touch may inflict minor irresistible
                  | damage on your foes. [demonic ancestry]
  5843 | D:7      | Reached XP level 10. HP: 79/83 MP: 10/10
  5854 | D:7      | Reached skill level 5 in Maces & Flails
  6024 | D:7      | Found a shadowy altar of Dithmenos.
  6137 | D:7      | Found a hazy altar of Hepliaklqana.
  6150 | D:7      | XOM: summons friendly ufetubus
  6164 | D:7      | XOM: potion effect (curing)
  6166 | D:7      | XOM: blink monster(s)
  6487 | D:7      | Found a runed translucent door.
  6488 | D:7      | Noticed Crazy Yiuf
  6705 | D:7      | Killed Crazy Yiuf
  6842 | D:8      | Found Uluig's General Store.
  6853 | D:8      | Bought the +7 great mace "Undeadhunter" {disrupt, rN+} for
                  | 737 gold pieces
  6853 | D:8      | Found the +7 great mace "Undeadhunter" {disrupt, rN+}
  6932 | D:8      | XOM: give mutations
  6932 | D:8      | Gained mutation: You occasionally lose the ability to read
                  | scrolls when taking damage. [Xom's mischief]
  6932 | D:8      | Gained mutation: Your muscles are strong. (Str +4, Int/Dex
                  | -1) [Xom's mischief]
  6932 | D:8      | Gained mutation: Your mind is very acute. (Int +8, Str/Dex
                  | -2) [Xom's mischief]
  6944 | D:8      | Noticed a two-headed ogre
  6954 | D:8      | Killed a two-headed ogre
  7137 | D:8      | Found Wicas's Weapon Shop.
  7562 | D:8      | Found Ygerun's Weapon Shop.
  7672 | D:9      | Found a staircase to the Orcish Mines.
  7680 | D:9      | Found a bloodstained altar of Trog.
  7721 | D:9      | Reached skill level 10 in Fighting
  7779 | D:9      | Noticed a cyclops
  7786 | D:9      | Killed a cyclops
  7815 | D:9      | Reached XP level 11. HP: 87/92 MP: 11/11
  7986 | D:9      | Noticed DrKenneth's ghost (novice MiFi)
  8007 | D:9      | Found a transporter.
  8011 | D:9      | Found a transporter.
  8151 | D:9      | Noticed Erica
  8161 | D:9      | Killed Erica
  8331 | D:10     | Entered Level 10 of the Dungeon
  8503 | D:10     | XOM: 1-stop teleportation journey
  8511 | D:10     | Noticed Snorg
  8517 | D:10     | XOM: enchant monster (bad)
  8518 | D:10     | XOM: cast spell 'Summon Ice Beast'
  8522 | D:10     | XOM: silly message
  8525 | D:10     | Killed Snorg
  8743 | D:10     | Noticed Maggie
  8748 | D:10     | Reached skill level 11 in Fighting
  8754 | D:10     | Killed Maggie
  8825 | D:10     | XOM: silly message
  8973 | D:10     | XOM: confuse monster(s)
  8976 | D:10     | XOM: god gift: scroll of vulnerability
  9503 | D:11     | Noticed a two-headed ogre
  9503 | D:11     | XOM: summons friendly ufetubus
  9509 | D:11     | Killed a two-headed ogre
  9609 | D:11     | XOM: smoke on damage
  9643 | D:11     | XOM: 1-stop teleportation journey
  9644 | D:11     | Found a staircase to the Lair.
  9653 | D:11     | XOM: confuse monster(s)
  9758 | D:11     | Noticed a two-headed ogre
  9760 | D:11     | XOM: summons 6 friendly demons
  9762 | D:11     | XOM: stat loss: -1 Int (15/16)
  9767 | D:11     | Killed a two-headed ogre
  9768 | D:11     | XOM: polymorph ufetubus -> quasit
  9781 | D:11     | XOM: blink monster(s)
 10161 | D:11     | XOM: noise
 10346 | D:11     | Reached XP level 12. HP: 66/102 MP: 12/12
 10772 | D:11     | Reached skill level 12 in Fighting
 10885 | D:11     | Noticed a six-headed hydra
 10912 | D:11     | XOM: blink monster(s)
 10918 | D:11     | XOM: swap monsters
 10919 | D:11     | XOM: summons 2 friendly demons
 10931 | D:11     | XOM: polymorph quasit -> lemure
 10932 | D:11     | HP: 5/102 [six-headed hydra (10)]
 10933 | D:11     | Killed from afar by an efreet

Illustrated notes

Levels and vault maps discovered:
D:1:      roderic_crop_circles_arrival_small, layout_basic,
          ebering_ecumenical_altar_box
D:2:      layout_basic, kennysheep_small_spiral
D:3:      layout_loops_corners, nicolae_overflow_ecumenical_swirl,
          amethyst_overflow_temple_binary, uniq_sigmund, uniq_ijyb
D:4:      layout_basic, nicolae_ossuary_entry_monument, gammafunk_ghost_icy,
          hangedman_decor_growths, uniq_grinder, uniq_pikel, uniq_robin
D:5:      layout_loops_ring, minivault_23
D:6:      layout_loops_cross, minmay_temple_entry_hall, uniq_duvessa
D:7:      layout_rooms, mainiacjoe_overflow_alcove_1, overflow_temple_1_default,
          mainiacjoe_overflow_catwalk_spiral, chequers_serial_rivers_marsh,
          uniq_crazy_yiuf_cottage
D:8:      layout_basic, serial_shops, nicolae_shop_bloodbath_and_beyond,
          nicolae_shop_statue_plus, nicolae_shop_hallway_stairs
D:9:      layout_roguey, mainiacjoe_overflow_brackets, gammafunk_ghost_hive,
          uniq_erica
D:10:     layout_cave_pods, uniq_maggie, uniq_snorg
D:11:     layout_cross, erik_lair_island, grunt_tough_drop
Temple:   zaba_magenta_temple

Skill      XL: |  1  2  3  4  5  6  7  8  9 10 11 12 |
---------------+-------------------------------------+-----
Dodging        | 1 2 3 4 5 6 7 |  7.5
Armour         | 2 3 4 5 6 7 |  7.6
Evocations     | 1 2 3 4 5 6 8 |  8.2
Axes           | 3 |  3.0
Fighting       | 4 5 6 7 9 10 11 12 | 12.1
Maces & Flails | 1 2 3 4 6 7 |  7.2

Action                   |  1- 3 |  4- 6 |  7- 9 | 10-12 || total
-------------------------+-------+-------+-------+-------++-------
Melee: Hand axe          |    78 |       |       |       ||    78
       Flail             |    15 |    66 |   222 |   275 ||   578
       Punch             |       |     1 |     1 |     6 ||     8
       Touch             |       |       |       |    56 ||    56
       Great mace        |       |       |       |     4 ||     4
  Use: Scroll            |     6 |     4 |    10 |     6 ||    26
       Potion            |     5 |     2 |     1 |     2 ||    10
 Stab: Confused          |     1 |       |       |       ||     1
       Distracted        |       |       |     1 |     2 ||     3
       Sleeping          |       |       |     1 |       ||     1
Armor: Leather armour    |    35 |    26 |    46 |       ||   107
       Robe              |       |       |    18 |    65 ||    83
Dodge: Dodged            |    38 |    67 |   204 |   378 ||   687
Block: Other             |       |       |       |    70 ||    70
       Reflection        |       |       |       |     6 ||     6

Table legend: (Time is in decaauts)
 A = Elapsed time spent in this place.
 B = Non-inter-level travel time spent in this place.
 C = Inter-level travel time spent in this place.
 D = Time resting spent in this place.
 E = Time spent auto-exploring this place.
 F = Levels seen in this place.
 G = Mean time per level.
                   A        B        C        D        E       F      G
               +--------+--------+--------+--------+--------+-----+--------+
         Total |  11024 |  10620 |    404 |    484 |   8297 |  13 |  848.0 |
       Dungeon |  10752 |  10367 |    385 |    484 |   8107 |  11 |  977.5 |
        Temple |     73 |     54 |     19 |      0 |     50 |   1 |   73.0 |
       Ossuary |    197 |    197 |      0 |      0 |    140 |   1 |  197.0 |
               +--------+--------+--------+--------+--------+-----+--------+

Top non-repeatable levels by time:
    D:10: 1493 daAuts
     D:3: 1245 daAuts
     D:6: 1240 daAuts
    D:11: 1132 daAuts
     D:4: 1022 daAuts
     D:8: 877 daAuts
     D:5: 790 daAuts
     D:7: 779 daAuts
     D:2: 743 daAuts
     D:9: 727 daAuts
     D:1: 699 daAuts
 Ossuary: 197 daAuts
  Temple: 73 daAuts
